 Dungeon Crawl Stone Soup version 0.27.1-34-g3ba077fa99 (webtiles) character file.

Game seed: 2181642565344007646

2 Karpo the Sneak (level 1, 0/9 HPs)
             Began as a Spriggan Enchanter on Jan 26, 2022.
             Slain by a goblin (2 damage)
             ... on level 1 of the Dungeon.
             The game lasted 00:00:31 (134 turns).

Karpo the Sneak (Spriggan Enchanter)                 Turns: 134, Time: 00:00:32

Health: 0/9        AC:  2    Str:  4    XL:     1   Next: 33%
Magic:  5/5        EV: 17    Int: 16    God:
Gold:   0          SH:  0    Dex: 15    Spells: 4/5 levels left

rFire    . . .     SeeInvis +   a - +1 dagger
rCold    . . .     Faith    .   (shield restricted)
rNeg     . . .     Spirit   .   b - +0 robe
rPois    .         Reflect  .   (helmet restricted)
rElec    .         Harm     .   (no cloak)
rCorr    .         Rampage  .   (gloves unavailable)
Will     .....                  (boots unavailable)
Stlth    +++.......             (no amulet)
HPRegen  0.03/turn              (no ring)
MPRegen  0.09/turn              (no ring)

@: very quick
A: very small, no large weapons, unfitting armour, see invisible, speed 3
a: no special abilities


You were on level 1 of the Dungeon.
You visited 1 branch of the dungeon, and saw 1 of its levels.

Inventory:

Hand Weapons
 a - a +1 dagger (weapon)
Armour
 b - a +0 robe (worn)


   Skills:
 + Level 1.3 Short Blades
 - Level 2.6 Dodging
 + Level 4.6 Stealth
 - Level 2.6 Spellcasting
 - Level 3.6 Hexes


You had 4 spell levels left.
You knew the following spells:

 Your Spells              Type           Power      Damage    Failure   Level
a - Corona                Hex            14%        N/A       4%          1

Your spell library contained the following spells:

 Spells                   Type           Power      Damage    Failure   Level
 Confusing Touch          Hex            13%        N/A       13%         3
 Tukima's Dance           Hex            13%        N/A       13%         3
 Ensorcelled Hibernation  Hex/Ice        14%        N/A       14%         2
 Dazzling Flash           Conj/Hex       14%        N/A       28%         3


Dungeon Overview and Level Annotations

Branches:
Dungeon (1/15)

Altars:


Innate Abilities, Weirdness & Mutations

You are very small and have problems with some larger weapons.
You are too small for most types of armour.
You have supernaturally acute eyesight. (SInv)
You cover ground extremely quickly. (Speed+++)


Message History

The hobgoblin closely misses you.
An endoplasm comes into view.
The endoplasm quivers.
You hit the hobgoblin.
The hobgoblin is severely wounded.
The hobgoblin barely misses you.
You hit the hobgoblin.
You kill the hobgoblin!
A goblin comes into view. It is wielding a +0 dagger.
A bat comes into view.
Found a hand axe.
The helpless giant cockroach fails to defend itself.
You puncture the giant cockroach!
You kill the giant cockroach!
The bat misses you.
You hit the bat.
The bat is heavily wounded.
The bat misses you.
You closely miss the bat.
The bat is heavily wounded.
The bat misses you. The rat bites you but does no damage.
The bat hits you but does no damage.
You barely miss the bat.
The bat is moderately wounded.
The bat hits you but does no damage. The bat hits you.
The rat completely misses you.
You barely miss the rat. The bat misses you. The rat bites you.
You hit the rat but do no damage. The bat hits you. The bat closely misses you.
The bat completely misses you. The rat misses you.
You barely miss the rat. The rat closely misses you.
You barely miss the rat. The goblin barely misses you.
The rat completely misses you.
You hit the rat but do no damage. The goblin hits you with a +0 club.
* * * LOW HITPOINT WARNING * * *
The rat misses you.
You barely miss the rat. The goblin misses you.
You hit the rat.
You kill the rat!
The goblin hits you with a +0 club.
You die...

#....)#
#.....#
g....###
#.....#
........
#..<..# # ...
#.# #.....#
####.... #.#
#.....#
....#.###.##
###'###
#........#
#..#
#.###..####.##
#bg@J.......#
#####..###.##
#........
##.##......
#.##...>.g.#
#.##:.......
#.##..K...?#
#.##.....###


You could see an endoplasm, a goblin and a bat.

Vanquished Creatures
  A giant cockroach (D:1)
  A hobgoblin (D:1)
  A rat (D:1)
3 creatures vanquished.

Notes
Turn   | Place    | Note
-------+----------+-------------------------------------------
     0 | D:1      | Karpo the Spriggan Enchanter began the quest for the Orb.
     0 | D:1      | Reached XP level 1. HP: 9/9 MP: 5/5
   134 | D:1      | Slain by a goblin

Illustrated notes

Levels and vault maps discovered:
D:1:      minmay_arrival_checkered_box, layout_loops_ring,
          hellmonk_ecumenical_altar_leap_of_faith, serial_forest,
          infiniplex_forest_end_double, infiniplex_forest_join,
          infiniplex_forest_straight_1, infiniplex_forest_lined_room_2,
          infiniplex_forest_clump_double

Action                   || total
-------------------------++-------
Melee: Dagger            ||    14
 Stab: Sleeping          ||     1
Armor: Robe              ||     3
Dodge: Dodged            ||    16
